 Dungeon Sprint DCSS version 0.26.1-11-gd32895ea62 (webtiles) character file.

Game seed: 1424465687700136686

2188 Zeld the Cleaver (level 9, 0/90 HPs)
             Began as a Minotaur Berserker on June 14, 2021.
             Was a Priest of Trog.
             Slain by a demonic crawler (13 damage)
             ... in the Dungeon (Sprint I: "Red Sonja").
             The game lasted 00:02:50 (3483 turns).

Zeld the Cleaver (Minotaur Berserker)               Turns: 3483, Time: 00:02:52

Health: 0/90       AC:  6    Str: 26    XL:     9   Next: 12%
Magic:  8/8        EV: 17    Int:  4    God:    Trog [***...]
Gold:   607        SH:  0    Dex:  9    Spells: 8/8 levels left

rFire    . . .     SeeInvis .   a - +0 hand axe
rCold    . . .     Faith    .   (no shield)
rNeg     . . .     Spirit   .   b - +0 animal skin
rPois    .         Reflect  .   (helmet restricted)
rElec    .         Harm     .   k - +0 cloak
rCorr    .         Rampage  .   (no gloves)
Will     ++...     NoTele   +   j - +0 pair of boots
Stlth    +.........             (no amulet)
HPRegen  1.25/turn              (no ring)
MPRegen  0.11/turn              (no ring)

@: berserk cooldown, regenerating, slowed, very slow
A: retaliatory headbutt, horns 2
a: Renounce Religion, Berserk, Trog's Hand


You were in the Dungeon.
You worshipped Trog.
Trog was most pleased with you.
You visited 1 branch You collected 844 gold pieces.
You spent 237 gold pieces at shops.

Inventory:

Hand Weapons
 a - a +0 hand axe (weapon)
Armour
 b - a +0 animal skin (worn)
 j - a +0 pair of boots (worn)
 k - a +0 cloak (worn)
Jewellery
 c - an uncursed ring of protection from fire
Scrolls
 h - a scroll of enchant armour {unknown}
 i - 2 scrolls of amnesia {unknown}
 l - a scroll of acquirement {unknown}
 m - 5 scrolls of identify {unknown}
Potions
 d - a potion of curing
 e - a potion of haste
 f - 2 potions of magic
 g - a potion of berserk rage
 n - a potion of invisibility {unknown}


   Skills:
 + Level 12.1 Fighting
 - Level 14.0 Axes
 + Level 11.7 Armour
 + Level 11.0 Dodging


You had 8 spell levels left.
You didn't know any spells.
Your spell library was empty.

Dungeon Overview and Level Annotations

Branches:
Dungeon (1/1)

Altars:
Cheibriados
Dithmenos
Elyvilon
Fedhas
Gozag
Hepliaklqana
Kikubaaqudgha
Makhleb
Nemelex Xobeh
Okawaru
Qazlal
Ru
Sif Muna
Trog
Uskayaw
Vehumet
Wu Jian
Xom
Yredelemnul
Zin
The Shining One
Jiyva
Lugonu

Shops:
D *([


Innate Abilities, Weirdness & Mutations

You reflexively headbutt those who attack you in melee.
You have a pair of horns on your head.


Message History

The demonic crawler hits you! The demonic crawler misses you. x2
The demonic crawler hits you!
* * * LOW HITPOINT WARNING * * *
The demonic crawler completely misses you.
The demonic crawler hits you but does no damage.
Things that are here:
a +0 club; a +0 ring mail You feel better.
The demonic crawler closely misses you. The demonic crawler hits you.
The demonic crawler completely misses you.
The demonic crawler hits you!
* * * LOW HITPOINT WARNING * * *
The demonic crawler closely misses you. x2
You feel better. The demonic crawler barely misses you.
The demonic crawler closely misses you. The demonic crawler hits you! x2
* * * LOW HITPOINT WARNING * * *
The demonic crawler hits you!
* * * LOW HITPOINT WARNING * * *
The demonic crawler hits you!
You die...

#####################
#<.#..)..#..'..#__#..
#..'@s#..').#..†..'..
#..#####'#####'#__###
#..####..#...#.####
#..#__####..##(#
#..#_____##'#_.+
#⌠⌠#_.∩...'.(._#
####_..__##_(#'##+###
#_____###'#.#(...#
############.####'###


You could see a demonic crawler.

Vanquished Creatures
  A deep troll (D)
  2 kobold demonologists (D)
  A demonic crawler (D)
  A slime creature (D)
  Sigmund (D)
  A yak (D)
  A floating eye (D)
  An ogre (D)
  A jelly (D)
  Ijyb (D)
11 creatures vanquished.

Vanquished Creatures (others)
  Sonja (D)
  A gargoyle (D)
  2 ballistomycete spores (D)
4 creatures vanquished.

Grand Total: 15 creatures vanquished

Notes
Turn   | Place    | Note
-------+----------+-------------------------------------------
     0 | D        | Zeld the Minotaur Berserker began the quest for the Orb.
     0 | D        | Reached XP level 1. HP: 19/19 MP: 0/0
     2 | D        | Noticed Ijyb
     8 | D        | Killed Ijyb
     9 | D        | Reached skill level 5 in Axes
     9 | D        | Reached XP level 2. HP: 28/28 MP: 1/1
   243 | D        | Noticed an ogre
   248 | D        | Killed an ogre
   249 | D        | Reached skill level 7 in Axes
   249 | D        | Reached skill level 5 in Armour
   249 | D        | Reached XP level 3. HP: 37/37 MP: 2/2
   249 | D        | Reached XP level 4. HP: 44/44 MP: 3/3
   437 | D        | Killed a gargoyle
   615 | D        | Noticed Sigmund
   622 | D        | Killed Sigmund
   622 | D        | Reached ** piety under Trog
   623 | D        | Reached skill level 10 in Axes
   623 | D        | Reached XP level 5. HP: 52/52 MP: 4/4
   978 | D        | Found an ornate altar of the Wu Jian Council.
   978 | D        | Found a shimmering blue altar of Sif Muna.
   983 | D        | Found a radiant altar of Vehumet.
   987 | D        | Reached XP level 6. HP: 61/61 MP: 5/5
  1033 | D        | Found Kaaciess's Antique Weapon Emporium.
  1033 | D        | Found an ancient bone altar of Kikubaaqudgha.
  1033 | D        | Found a hazy altar of Hepliaklqana.
  1033 | D        | Found a hide-covered altar of Uskayaw.
  1033 | D        | Found a basalt altar of Yredelemnul.
  1033 | D        | Found an opulent altar of Gozag.
  1033 | D        | Found a snail-covered altar of Cheibriados.
  1033 | D        | Found a sacrificial altar of Ru.
  1033 | D        | Found a shadowy altar of Dithmenos.
  1033 | D        | Noticed a yak
  1041 | D        | Killed a yak
  1042 | D        | Reached skill level 11 in Axes
  1042 | D        | Found a stormy altar of Qazlal.
  1042 | D        | Found a blossoming altar of Fedhas.
  1042 | D        | Found a bloodstained altar of Trog.
  1042 | D        | Found an iron altar of Okawaru.
  1042 | D        | Found a glowing golden altar of the Shining One.
  1042 | D        | Found a glowing silver altar of Zin.
  1042 | D        | Found a white marble altar of Elyvilon.
  1043 | D        | Found a sparkling altar of Nemelex Xobeh.
  1406 | D        | Found a burning altar of Makhleb.
  1406 | D        | Found a viscous altar of Jiyva.
  1406 | D        | Found a shimmering altar of Xom.
  1406 | D        | Found a corrupted altar of Lugonu.
  1406 | D        | Noticed a slime creature
  1412 | D        | Killed a slime creature
  1412 | D        | Reached *** piety under Trog
  1413 | D        | Reached skill level 12 in Axes
  1413 | D        | Reached XP level 7. HP: 70/70 MP: 6/6
  1713 | D        | Noticed a kobold demonologist
  1713 | D        | Noticed a kobold demonologist
  1727 | D        | Killed a kobold demonologist
  1728 | D        | Reached skill level 10 in Fighting
  1728 | D        | Reached skill level 13 in Axes
  1737 | D        | Noticed an orange demon
  1743 | D        | Killed a kobold demonologist
  1743 | D        | Reached **** piety under Trog
  1744 | D        | Reached skill level 10 in Armour
  1744 | D        | Reached XP level 8. HP: 60/80 MP: 7/7
  2028 | D        | Noticed a demonic crawler
  2028 | D        | Noticed a demonic crawler
  2028 | D        | Noticed a demonic crawler
  2028 | D        | Noticed a demonic crawler
  2420 | D        | Noticed Sonja
  2451 | D        | Killed Sonja
  2452 | D        | Reached skill level 14 in Axes
  3038 | D        | Noticed a deep troll
  3047 | D        | Killed a deep troll
  3048 | D        | Reached skill level 10 in Dodging
  3383 | D        | Found Ziejod's Armour Emporium.
  3388 | D        | Bought a +0 pair of boots for 45 gold pieces
  3388 | D        | Bought a +0 cloak for 45 gold pieces
  3424 | D        | Found Isovet's Assorted Antiques.
  3432 | D        | Bought a scroll labelled DYMIAS SIFIU for 25 gold pieces
  3432 | D        | Bought a scroll labelled DYMIAS SIFIU for 25 gold pieces
  3432 | D        | Bought 3 scrolls labelled DYMIAS SIFIU for 75 gold pieces
  3432 | D        | Bought a ruby potion for 22 gold pieces
  3463 | D        | Killed a demonic crawler
  3464 | D        | Reached XP level 9. HP: 90/90 MP: 8/8
  3483 | D        | Slain by a demonic crawler

Illustrated notes

Levels and vault maps discovered:
D:        dungeon_sprint_1 [red_sonja_temple_1, red_sonja_temple_small_1]

Skill      XL: |  1  2  3  4  5  6  7  8 |
---------------+-------------------------+-----
Fighting       | 4 6 7 9 10 12 | 12.1
Axes           | 5 7 10 12 13 14 | 14.0
Armour         | 3 5 7 8 10 11 | 11.7
Dodging        | 3 4 6 8 9 11 | 11.0

Action                   |  1- 3 |  4- 6 |  7- 9 || total
-------------------------+-------+-------+-------++-------
Melee: Hand axe          |     8 |    18 |    50 ||    76
       Headbutt          |     1 |     6 |    11 ||    18
Invok: Berserk           |     2 |     4 |     5 ||    11
       Brothers in Arms  |       |       |     1 ||     1
       Trog's Hand       |       |       |     1 ||     1
  Use: Potion            |       |       |     5 ||     5
       Scroll            |       |       |     1 ||     1
Armor: Animal skin       |       |       |     7 ||     7
Dodge: Dodged            |     2 |     6 |    66 ||    74
